 Dungeon Crawl Stone Soup version 0.30-a0-12-gd8047c6341 (webtiles) character file.

Game seed: 9202017633844974605

51 porpoise the Poker (level 3, -3/28 HPs)
             Began as a Demonspawn Gladiator on Aug 24, 2022.
             Slain by a gnoll
             ... wielding a +0 spear
              (6 damage)
             ... on level 2 of the Dungeon.
             The game lasted 00:04:27 (1147 turns).

porpoise the Poker (Demonspawn Gladiator)           Turns: 1147, Time: 00:04:27

Health: -3/28      AC:  4    Str: 16    XL:     3   Next: 58%
Magic:  3/3        EV: 12    Int:  9    God:
Gold:   58         SH:  0    Dex: 14    Spells: 2/2 levels left

rFire   + . .      SeeInvis .    a - +0 trident
rCold   . . .      Faith    .    (no shield)
rNeg    . . .      Spirit   .    j - +1 leather armour {rF+}
rPois   .          Reflect  .    (helmet restricted)
rElec   .          Harm     .    (no cloak)
rCorr   .          Rampage  .    (no gloves)
Will    .....                    (no boots)
Stlth   +.........               (no amulet)
HPRegen 0.09/turn                (no ring)
MPRegen 0.08/turn                (no ring)

@: flying
A: antennae 1
a: no special abilities


You were on level 2 of the Dungeon.
You visited 1 branch of the dungeon, and saw 2 of its levels.

You collected 58 gold pieces.

Inventory:

Hand Weapons
 a - a +0 trident (weapon)
 b - a +0 sling
Missiles
 d - 3 throwing nets (quivered)
 e - a javelin
Armour
 j - a +1 leather armour of fire resistance (worn)
Scrolls
 c - 2 scrolls of noise {unknown}
 i - 2 scrolls of identify {unknown}
Potions
 f - a potion of heal wounds {unknown}
 h - a potion of haste {unknown}


   Skills:
 + Level 2.5 Fighting
 + Level 3.1 Polearms
 + Level 2.3 Throwing
 + Level 3.1 Dodging


You had 2 spell levels left.
You didn't know any spells.
Your spell library was empty.

Dungeon Overview and Level Annotations

Branches:
Dungeon (2/15)

Altars:

Shops:
D:2 :


Innate Abilities, Weirdness & Mutations

You have a pair of small antennae on your head.


Message History

You are too injured to fight recklessly!
You are too injured to fight recklessly!
Reach: a) +0 trident
Press: ? - help, Dir - move target, f/p - gnoll
Aim: a gnoll, wielding a +0 spear (heavily wounded, about 37% to evade your +0 trident)
You reach to attack!
You hit the gnoll.
You kill the gnoll!
The gnoll throws a throwing net.
The throwing net misses you.
Okay, then.
Unknown command.
You are too injured to fight recklessly!
You are too injured to fight recklessly!
You are too injured to fight recklessly!
Reach: a) +0 trident
Press: ? - help, Dir - move target, f - gnoll
Aim: a gnoll, wielding a +0 club (about 37% to evade your +0 trident)
You reach to attack!
You hit the gnoll.
The gnoll is heavily wounded.
Unknown command.
You hit the gnoll.
The gnoll is almost dead.
The gnoll hits you from afar with a +0 spear. x2
* * * LOW HITPOINT WARNING * * *
You hit the gnoll but do no damage.
The gnoll is almost dead.
The gnoll hits you but does no damage.
The gnoll hits you from afar with a +0 spear.
* * * LOW HITPOINT WARNING * * *
The gnoll closely misses you. The gnoll hits you but does no damage.
You barely miss the gnoll.
The gnoll is almost dead.
The gnoll misses you.
The gnoll hits you from afar with a +0 spear.
* * * LOW HITPOINT WARNING * * *
The gnoll barely misses you.
It was a potion of flight.
You feel very buoyant.
You fly up into the air.
The gnoll closely misses you.
The gnoll hits you from afar with a +0 spear.
You die...

#...###.###..#....
#...# #..##..#....
#...#
##...#.............#
#...#
###.#..............
#####
####.#.............#
#..................#
#....g.#..........)#
#........##.g..#....
#.g@#..g............
#...#.....†....†.!..
#..g.)...###........
#....##### #..†.....
#(...# #........
#....# #........
###.## ###.....$ #.#
#...... #.# .......


You could see 3 gnolls.

Vanquished Creatures
  A gnoll (D:2)
  An adder (D:2)
  A ball python (D:1)
  3 endoplasms
  2 goblins
  4 hobgoblins (D:2)
  8 jackals (D:1)
  A kobold (D:1)
  A quokka (D:1)
  3 bats (D:1)
  4 frilled lizards
29 creatures vanquished.

Notes
Turn   | Place    | Note
-------+----------+-------------------------------------------
     0 | D:1      | porpoise the Demonspawn Gladiator began the quest for the
                  | Orb.
     0 | D:1      | Reached XP level 1. HP: 16/16 MP: 1/1
   347 | D:1      | Gained mutation: You have a pair of small antennae on your
                  | head. [demonic ancestry]
   347 | D:1      | Reached XP level 2. HP: 20/22 MP: 2/2
   755 | D:1      | Found a faded altar of an unknown god.
   828 | D:2      | Found Kuitasium's Book Shop.
   919 | D:2      | Reached XP level 3. HP: 23/28 MP: 3/3
  1147 | D:2      | Slain by a gnoll

Illustrated notes

Levels and vault maps discovered:
D:1:      eino_arrival_druids_welcome, layout_rooms,
          hellmonk_ecumenical_altar_arch_garden, minmay_misc_feat_alley
D:2:      layout_rooms, serial_shops, nicolae_shop_waterfront

Skill      XL: |  1  2 |
---------------+-------+-----
Throwing       | 2 |  2.3
Polearms       | 3 |  3.1
Dodging        | 3 |  3.1
Fighting       | |  2.5

Action                   || total
-------------------------++-------
Melee: Trident           ||   111
       Punch             ||     2
 Fire: Sling             ||     1
  Use: Potion            ||     1
 Stab: Sleeping          ||     1
Armor: Leather armour    ||    26
Dodge: Dodged            ||    79

Table legend: (Time is in decaauts)
 A = Elapsed time spent in this place.
 B = Non-inter-level travel time spent in this place.
 C = Inter-level travel time spent in this place.
 D = Time resting spent in this place.
 E = Time spent auto-exploring this place.
 F = Levels seen in this place.
 G = Mean time per level.
                   A        B        C        D        E       F      G
               +--------+--------+--------+--------+--------+-----+--------+
         Total |   1164 |   1082 |     82 |    365 |    410 |   2 |  582.0 |
       Dungeon |   1164 |   1082 |     82 |    365 |    410 |   2 |  582.0 |
               +--------+--------+--------+--------+--------+-----+--------+

Top non-repeatable levels by time:
     D:1: 866 daAuts
     D:2: 297 daAuts
